[Event "EYCC Girls U10 2021"]
[Site "Tornelo"]
[Date "2021.10.15"]
[Round "1.1"]
[White "Polakiewicz, Blanka"]
[Black "Preobrazhenskaya, Diana"]
[Result "0-1"]
[ECO "B92"]
[WhiteElo "1130"]
[BlackElo "1764"]
[Annotator "NA"]
[PlyCount "50"]
[EventDate "2021.10.15"]
[EventType "swiss"]
[EventCountry "NET"]
[SourceTitle "playchess.com"]
[Source "ChessBase"]
[SourceQuality "1"]
[TimeControl "5400+30"]

1. e4 c5 2. Nf3 d6 3. d4 Nf6 4. Nc3 cxd4 5. Nxd4 a6 6. Be2 e5 7. Nf3 Be7 8. h3 O-O 9. Be3 Nbd7 10. Qd2 b5 11. a3 Bb7 12. Bd3 Qc7 13. Rc1 Nc5 14. Bxc5 dxc5 15. b3 c4 16. bxc4 bxc4 17. Bf1 Bxa3 18. Rb1 Rad8 19. Qe3 Bc5 20. Qe2 Qa5 21. Qxc4 Nxe4 22. Rxb7 Nxc3 23. Nd2 Qa1+ 24. Rb1 Qxb1+ 25. Nxb1 Rd1# 0-1

[Event "EYCC Girls U10 2021"]
[Site "Tornelo"]
[Date "2021.10.15"]
[Round "1.2"]
[White "Beber, Anja"]
[Black "Ashotia, Barbare"]
[Result "1-0"]
[ECO "D10"]
[WhiteElo "1552"]
[BlackElo "1128"]
[Annotator "NA"]
[PlyCount "155"]
[EventDate "2021.10.15"]
[EventType "swiss"]
[EventCountry "NET"]
[SourceTitle "playchess.com"]
[Source "ChessBase"]
[SourceQuality "1"]
[TimeControl "5400+30"]

1. d4 d5 2. c4 c6 3. cxd5 cxd5 4. Nc3 Nf6 5. Bf4 Nc6 6. e3 Bf5 7. Qb3 Qd7 8. Nf3 a6 9. Ne5 Nxe5 10. dxe5 Ne4 11. Qxd5 Nxc3 12. Qxd7+ Bxd7 13. bxc3 e6 14. Be2 Rc8 15. Kd2 Ba3 16. Rab1 Bc6 17. Bf3 Bxf3 18. gxf3 Rc7 19. Rhg1 O-O 20. Bh6 Rd8+ 21. Kc2 g6 22. Rgd1 Rdc8 23. Rb3 Be7 24. e4 b5 25. Kb2 Bf8 26. Bxf8 Kxf8 27. f4 Kg7 28. Rd3 Rc4 29. f3 R4c5 30. Kc2 h6 31. h4 R8c7 32. Kd2 g5 33. fxg5 hxg5 34. hxg5 Rxe5 35. Rd6 Ra7 36. Ra3 a5 37. Rb6 Rxg5 38. Ke3 Rc7 39. Kf4 Rcc5 40. Rxa5 Rh5 41. Ra3 Rc4 42. Rb3 Rcc5 43. Ra6 Kf6 44. a4 bxa4 45. Rxa4 Ra5 46. Rab4 Rac5 47. c4 Rh2 48. Ke3 e5 49. Rc3 Rh8 50. Rb6+ Kg7 51. Rc2 Rhc8 52. Kd3 R8c7 53. Rb5 f6 54. Rxc5 Rxc5 55. Kc3 Kf7 56. Kb4 Rc8 57. c5 Ke7 58. Kc4 Rc6 59. Kb5 Kd7 60. Rd2+ Kc7 61. Ra2 Re6 62. Ra7+ Kc8 63. Ra6 Re7 64. Rxf6 Kc7 65. Ra6 Kb8 66. Ra3 Rd7 67. c6 Rd2 68. Kc5 Kc7 69. Ra7+ Kb8 70. Rd7 Rf2 71. Kd6 Rxf3 72. c7+ Kb7 73. Rd8 Rc3 74. Rb8+ Ka7 75. c8=Q Rd3+ 76. Kxe5 Rd5+ 77. Kf4 Rb5 78. Qc7+ 1-0

[Event "EYCC Girls U10 2021"]
[Site "Tornelo"]
[Date "2021.10.15"]
[Round "1.3"]
[White "Berezovskaya, Arina"]
[Black "Timagina, Sofia"]
[Result "1-0"]
[ECO "C60"]
[WhiteElo "1102"]
[BlackElo "1472"]
[Annotator "NA"]
[PlyCount "49"]
[EventDate "2021.10.15"]
[EventType "swiss"]
[EventCountry "NET"]
[SourceTitle "playchess.com"]
[Source "ChessBase"]
[SourceQuality "1"]
[TimeControl "5400+30"]

1. e4 e5 2. Nf3 Nc6 3. Bb5 Nge7 4. Nc3 Ng6 5. d3 a6 6. Ba4 Bc5 7. O-O O-O 8. Bb3 d6 9. Bg5 Qe8 10. Nd5 Qd7 11. h3 h6 12. Bxh6 Nce7 13. Nxe7+ Qxe7 14. Bg5 Qe8 15. Nh4 Nxh4 16. Bxh4 Be6 17. Bxe6 Qxe6 18. c3 Qg6 19. Qd2 Rae8 20. Qg5 Qe6 21. Qg3 d5 22. exd5 Qxd5 23. Bf6 g6 24. Qh4 Be7 25. Qh8# 1-0

[Event "EYCC Girls U10 2021"]
[Site "Tornelo"]
[Date "2021.10.15"]
[Round "1.4"]
[White "Figa, Karolina"]
[Black "Kuzmina, Sofya Vl"]
[Result "0-1"]
[ECO "E90"]
[WhiteElo "1411"]
[BlackElo "1102"]
[Annotator "NA"]
[PlyCount "120"]
[EventDate "2021.10.15"]
[EventType "swiss"]
[EventCountry "NET"]
[SourceTitle "playchess.com"]
[Source "ChessBase"]
[SourceQuality "1"]
[TimeControl "5400+30"]

1. d4 Nf6 2. c4 c5 3. d5 d6 4. Nc3 g6 5. Nf3 Bg7 6. e4 O-O 7. Bf4 Qa5 8. Bd3 Nh5 9. Bd2 Qb6 10. Qc2 Na6 11. a3 Nc7 12. Na4 Qa6 13. Rb1 b5 14. cxb5 Qb7 15. b4 cxb4 16. Bxb4 Bd7 17. Bc3 e5 18. Ba5 Rac8 19. Qb3 Nf4 20. Bf1 f5 21. Bxc7 Qxc7 22. Nd2 fxe4 23. Nxe4 Bf5 24. f3 Bxe4 25. fxe4 Qf7 26. Qf3 Rc2 27. g3 Ng2+ 28. Bxg2 Qxf3 29. Bxf3 Rxf3 30. Kd1 Rc4 31. Nb2 Rd4+ 32. Kc2 Bh6 33. Rbd1 Rxe4 34. Rd3 Re2+ 35. Kb3 Rxb2+ 36. Kxb2 Rxd3 37. Kc2 Rxd5 38. Rb1 e4 39. b6 axb6 40. Rxb6 e3 41. Rb8+ Kf7 42. Rb7+ Kf6 43. Rb1 Rd2+ 44. Kc3 e2 45. Re1 Ra2 46. Kb3 Rd2 47. Kc3 d5 48. g4 d4+ 49. Kc4 d3 50. h4 Rc2+ 51. Kxd3 Rd2+ 52. Kc3 Bf4 53. a4 Ke5 54. a5 Ke4 55. a6 Ke3 56. a7 Ra2 57. Kb3 Rxa7 58. Rh1 Bg3 59. Kc2 e1=Q 60. Rxe1+ Bxe1 0-1

[Event "EYCC Girls U10 2021"]
[Site "Tornelo"]
[Date "2021.10.15"]
[Round "1.5"]
[White "Kochanowska, Patrycja"]
[Black "Asachenko, Ksenia"]
[Result "0-1"]
[ECO "B43"]
[WhiteElo "1089"]
[BlackElo "1382"]
[Annotator "NA"]
[PlyCount "110"]
[EventDate "2021.10.15"]
[EventType "swiss"]
[EventCountry "NET"]
[SourceTitle "playchess.com"]
[Source "ChessBase"]
[SourceQuality "1"]
[TimeControl "5400+30"]

1. e4 c5 2. Nf3 e6 3. d4 cxd4 4. Nxd4 a6 5. Nc3 Qc7 6. Bd2 Nf6 7. Bd3 Be7 8. O-O d6 9. Kh1 Nbd7 10. f4 b5 11. a3 Bb7 12. Qe2 h5 13. Rae1 h4 14. h3 Nh5 15. Kg1 Ng3 16. Qf3 Nxf1 17. Qxf1 Bf6 18. Qf2 Bxd4 19. Qxd4 Qc5 20. Be3 Qxd4 21. Bxd4 e5 22. fxe5 dxe5 23. Bf2 g5 24. Nd5 O-O 25. c4 bxc4 26. Bxc4 Kg7 27. Be3 Rac8 28. Bb3 Nc5 29. Bxc5 Rxc5 30. Ba2 Rc2 31. Rb1 Rfc8 32. Nc3 Rd8 33. Bb3 Rcd2 34. Nd5 Re2 35. Nc3 Bxe4 36. Nxe2 Bxb1 37. Kf2 Rd2 38. Bc4 Rxb2 39. Bxa6 Ra2 40. a4 Rxa4 41. Nc3 Rxa6 42. Nxb1 Ra2+ 43. Kf3 Rb2 44. Ke4 Rxb1 45. Kxe5 Rg1 46. Kf5 Rxg2 47. Ke4 Rg3 48. Kf5 f6 49. Ke4 Rxh3 50. Kf5 Rg3 51. Ke4 h3 52. Kd4 h2 53. Ke4 h1=Q+ 54. Kd4 Qd1+ 55. Ke4 Qd3# 0-1

[Event "EYCC Girls U10 2021"]
[Site "Tornelo"]
[Date "2021.10.15"]
[Round "1.6"]
[White "Lajdamik, Kinga"]
[Black "Kuznetsova, Ekaterina A"]
[Result "1-0"]
[ECO "C01"]
[WhiteElo "1367"]
[BlackElo "1085"]
[Annotator "NA"]
[PlyCount "65"]
[EventDate "2021.10.15"]
[EventType "swiss"]
[EventCountry "NET"]
[SourceTitle "playchess.com"]
[Source "ChessBase"]
[SourceQuality "1"]
[TimeControl "5400+30"]

1. e4 e6 2. d4 d5 3. Nc3 Bb4 4. exd5 exd5 5. Bd3 Nf6 6. Nf3 Bg4 7. O-O O-O 8. h3 Bh5 9. g4 Bg6 10. Ne5 Bxd3 11. Qxd3 Nbd7 12. Bg5 h6 13. Bh4 Be7 14. f4 c5 15. Ne2 c4 16. Qf3 Ne4 17. Bxe7 Qxe7 18. Rad1 Nxe5 19. dxe5 Rad8 20. Nd4 Qb4 21. Qa3 Qb6 22. Kh2 Rc8 23. Rf3 a6 24. Nf5 Rcd8 25. Nd4 g5 26. fxg5 Nxg5 27. Rf6 Qc7 28. Qg3 Ne4 29. Qf4 Nxf6 30. Qxf6 Rfe8 31. Re1 Re7 32. Nf5 Re6 33. Qg7# 1-0

[Event "EYCC Girls U10 2021"]
[Site "Tornelo"]
[Date "2021.10.15"]
[Round "1.7"]
[White "Nahapetyan, Ani"]
[Black "Sokolova, Regina"]
[Result "0-1"]
[ECO "B13"]
[WhiteElo "1075"]
[BlackElo "1364"]
[Annotator "NA"]
[PlyCount "65"]
[EventDate "2021.10.15"]
[EventType "swiss"]
[EventCountry "NET"]
[SourceTitle "playchess.com"]
[Source "ChessBase"]
[SourceQuality "1"]
[TimeControl "5400+30"]

1. e4 c6 2. d4 d5 3. exd5 cxd5 4. c3 Nc6 5. Bd3 Qc7 6. h3 Nf6 7. Nf3 g6 8. Be3 Bf5 9. Bxf5 gxf5 10. Qc1 e6 11. Na3 a6 12. c4 Bb4+ 13. Kf1 Bxa3 14. bxa3 dxc4 15. Bf4 Qd7 16. Qxc4 Qd5 17. Qxd5 Nxd5 18. Bh2 f6 19. Re1 Kf7 20. Ke2 Nc3+ 21. Kd3 Ne4 22. Re2 Rhd8 23. Bc7 Rdc8 24. d5 Rxc7 25. dxc6 Rxc6 26. Ke3 Rd8 27. Rb1 b5 28. Rb4 Nc3 29. Rd2 Rxd2 30. Kxd2 Ne4+ 31. Ke3 Rc3+ 32. Ke2 Rxa3 33. Rb2 0-1

[Event "EYCC Girls U10 2021"]
[Site "Tornelo"]
[Date "2021.10.15"]
[Round "1.8"]
[White "Sunea, Sara Maria"]
[Black "Skvortsova, Anna Ig"]
[Result "1-0"]
[ECO "B38"]
[WhiteElo "1342"]
[BlackElo "1063"]
[Annotator "NA"]
[PlyCount "143"]
[EventDate "2021.10.15"]
[EventType "swiss"]
[EventCountry "NET"]
[SourceTitle "playchess.com"]
[Source "ChessBase"]
[SourceQuality "1"]
[TimeControl "5400+30"]

1. e4 c5 2. Nf3 Nc6 3. d4 cxd4 4. Nxd4 g6 5. c4 Bg7 6. Be3 Nf6 7. Nc3 O-O 8. Be2 b6 9. O-O Bb7 10. Nxc6 Bxc6 11. f3 Qc7 12. Rc1 Rac8 13. Nd5 Bxd5 14. cxd5 Qb8 15. Qd2 d6 16. Ba6 Rxc1 17. Rxc1 Nd7 18. b4 Ne5 19. Qc2 b5 20. Qc7 Nc4 21. Qxb8 Rxb8 22. Bxa7 Ra8 23. Bxb5 Rxa7 24. Bxc4 Rc7 25. b5 Bd4+ 26. Kf1 Kf8 27. Ke2 Ke8 28. Kd3 Bb6 29. Ra1 Kd8 30. a4 Ba5 31. Rb1 Rb7 32. b6 Rxb6 33. Rxb6 Bxb6 34. Ba6 Kc7 35. Kc4 Ba5 36. Kb5 Bc3 37. a5 g5 38. Ka4 f6 39. Bc4 Kb7 40. Kb5 Bd4 41. a6+ Kc7 42. Bd3 h6 43. Kc4 Ba7 44. Kc3 Bc5 45. Kd2 Kd8 46. Ke2 Kc7 47. Kf1 Be3 48. g3 h5 49. Ke2 Bg1 50. h4 gxh4 51. gxh4 Kb6 52. Kf1 Bh2 53. Kg2 Be5 54. Be2 Bf4 55. Bb5 Bd2 56. Be8 Kxa6 57. Bxh5 Kb7 58. Kg3 Kc7 59. Kg4 Kd7 60. Bg6 Bh6 61. Bf7 Kc7 62. Kf5 Kd7 63. Kg6 Bf4 64. h5 Kc7 65. h6 Bxh6 66. Kxh6 Kd8 67. Kg7 Kc7 68. Kf8 Kd7 69. Be6+ Kd8 70. Kf7 f5 71. exf5 Kc7 72. Kxe7 1-0

[Event "EYCC Girls U10 2021"]
[Site "Tornelo"]
[Date "2021.10.15"]
[Round "1.9"]
[White "Ismayilova, Salbinaz"]
[Black "Siskou, Evangelia"]
[Result "0-1"]
[ECO "C78"]
[WhiteElo "1042"]
[BlackElo "1341"]
[Annotator "NA"]
[PlyCount "152"]
[EventDate "2021.10.15"]
[EventType "swiss"]
[EventCountry "NET"]
[SourceTitle "playchess.com"]
[Source "ChessBase"]
[SourceQuality "1"]
[TimeControl "5400+30"]

1. e4 e5 2. Nf3 Nc6 3. Bb5 a6 4. Ba4 Nf6 5. d3 Bc5 6. O-O b5 7. Bb3 h6 8. c3 d6 9. h3 O-O 10. Nbd2 Bb6 11. Re1 Be6 12. Bc2 b4 13. Nf1 bxc3 14. bxc3 d5 15. exd5 Nxd5 16. Bb2 Rb8 17. Bb3 Nf4 18. d4 Bxb3 19. axb3 exd4 20. cxd4 Nb4 21. Ba3 Nbd3 22. Bxf8 Nxe1 23. Qxe1 Qxf8 24. Rxa6 Qc8 25. Ra3 Qf5 26. Ng3 Nxh3+ 27. gxh3 Qxf3 28. Qd2 Rd8 29. Qe3 Qd1+ 30. Kg2 Bxd4 31. Qe7 Bb2 32. Ra7 Qd5+ 33. Kh2 Qd4 34. Kg2 Rd7 35. Qe8+ Kh7 36. Qe4+ Qxe4+ 37. Nxe4 Bd4 38. Rb7 Bb6 39. Rb8 Rd3 40. Rf8 f6 41. Rf7 Rxb3 42. Rd7 f5 43. Ng3 Rb2 44. Nh1 c5 45. Rf7 Kg6 46. Rd7 c4 47. Rd6+ Kh7 48. Rd5 c3 49. Rd1 c2 50. Rc1 Bd8 51. f4 g5 52. Nf2 gxf4 53. Nd3 f3+ 54. Kxf3 Bg5 55. Re1 Rb3 56. Ke2 Rxd3 57. Kxd3 c1=Q 58. Rxc1 Bxc1 59. Ke2 Kg6 60. Kf3 Kg5 61. Kg3 f4+ 62. Kg2 Kh4 63. Kh2 f3 64. Kg1 Kxh3 65. Kh1 Kg3 66. Kg1 f2+ 67. Kf1 h5 68. Ke2 Kg2 69. Kd3 f1=Q+ 70. Ke4 Qe2+ 71. Kf5 Kg3 72. Kf6 Kg4 73. Kg6 Qe6+ 74. Kg7 Bh6+ 75. Kh7 Qg6+ 76. Kh8 Qg7# 0-1

[Event "EYCC Girls U10 2021"]
[Site "Tornelo"]
[Date "2021.10.15"]
[Round "1.10"]
[White "Bubnova, Uliana"]
[Black "Moscovitch, Ronnie"]
[Result "1-0"]
[ECO "B53"]
[WhiteElo "1333"]
[BlackElo "1036"]
[Annotator "NA"]
[PlyCount "141"]
[EventDate "2021.10.15"]
[EventType "swiss"]
[EventCountry "NET"]
[SourceTitle "playchess.com"]
[Source "ChessBase"]
[SourceQuality "1"]
[TimeControl "5400+30"]

1. e4 c5 2. Nf3 d6 3. d4 cxd4 4. Qxd4 Nc6 5. Bb5 Bd7 6. Bxc6 Bxc6 7. Nc3 Nf6 8. Bg5 e5 9. Qe3 Be7 10. O-O O-O 11. h3 a6 12. Rad1 Qc7 13. Nh4 Bd7 14. Nf3 Be6 15. Qd2 Rfe8 16. Bxf6 Bxf6 17. Qxd6 Qxd6 18. Rxd6 Red8 19. Rfd1 Re8 20. Nd5 Bxd5 21. R1xd5 h6 22. Rd7 b5 23. Rb7 Rad8 24. Rdd7 Rxd7 25. Rxd7 Rc8 26. c3 Re8 27. Kf1 Kf8 28. Ke2 Re7 29. Rd5 Ke8 30. Nd2 Rd7 31. Rc5 Kd8 32. Nb3 Rc7 33. Kd3 Kc8 34. Rd5 Kb8 35. Nc5 Ka7 36. Nd7 Kb7 37. Nxe5 Bxe5 38. Rxe5 Rd7+ 39. Rd5 Re7 40. f3 Kc6 41. c4 bxc4+ 42. Kxc4 Kb7 43. a4 Rc7+ 44. Rc5 Rd7 45. Kc3 Kb6 46. Re5 Rc7+ 47. Kb3 Ka7 48. Rd5 Kb8 49. Rd4 Ka7 50. g3 Rb7+ 51. Kc3 Rc7+ 52. Rc4 Rd7 53. Kb4 Kb7 54. Kc5 Rc7+ 55. Kd4 Rd7+ 56. Ke3 Re7 57. f4 f5 58. e5 Rc7 59. Rxc7+ Kxc7 60. Kd4 Kd7 61. Kd5 Ke7 62. b4 Kd7 63. b5 a5 64. b6 Kc8 65. e6 Kd8 66. b7 Kc7 67. e7 Kxb7 68. e8=Q Kc7 69. Kc5 Kb7 70. Qd7+ Kb8 71. Kb6 1-0

[Event "EYCC Girls U10 2021"]
[Site "Tornelo"]
[Date "2021.10.15"]
[Round "1.11"]
[White "Nurdogan, Ilgin Destina"]
[Black "Stara, Zuzana"]
[Result "0-1"]
[ECO "B22"]
[WhiteElo "1020"]
[BlackElo "1332"]
[Annotator "NA"]
[PlyCount "70"]
[EventDate "2021.10.15"]
[EventType "swiss"]
[EventCountry "NET"]
[SourceTitle "playchess.com"]
[Source "ChessBase"]
[SourceQuality "1"]
[TimeControl "5400+30"]

1. e4 c5 2. c3 Nf6 3. e5 Nd5 4. d4 cxd4 5. cxd4 d6 6. Nf3 Bg4 7. Qb3 Nb6 8. Ng5 e6 9. Bb5+ Nc6 10. O-O d5 11. Qc2 Rc8 12. Nc3 Be7 13. f4 h6 14. Nf3 O-O 15. Bxc6 Rxc6 16. Qf2 Bb4 17. Bd2 Nc4 18. b3 Nxd2 19. Nxd2 Bxc3 20. Rac1 Qb6 21. Qg3 Bxd2 22. Rxc6 Qxc6 23. Qxg4 Be3+ 24. Kh1 Bxd4 25. h3 Rc8 26. f5 Bxe5 27. f6 g6 28. Qh4 Kh7 29. g4 Qc2 30. Rf2 Qe4+ 31. Kg1 Rc1+ 32. Rf1 Bd4+ 33. Kh2 Rxf1 34. g5 Qxh4 35. gxh6 Qf2# 0-1

[Event "EYCC Girls U10 2021"]
[Site "Tornelo"]
[Date "2021.10.15"]
[Round "2.1"]
[White "Preobrazhenskaya, Diana"]
[Black "Farkas, Sara"]
[Result "1-0"]
[ECO "C02"]
[WhiteElo "1764"]
[BlackElo "1237"]
[Annotator "NA"]
[PlyCount "85"]
[EventDate "2021.10.15"]
[EventType "swiss"]
[EventCountry "NET"]
[SourceTitle "playchess.com"]
[Source "ChessBase"]
[SourceQuality "1"]
[TimeControl "5400+30"]

1. e4 e6 2. d4 d5 3. e5 c5 4. c3 Nc6 5. Nf3 Qb6 6. a3 cxd4 7. cxd4 Nh6 8. b4 Nf5 9. Be3 Nxe3 10. fxe3 a6 11. Bd3 Bd7 12. O-O Be7 13. Nc3 Rc8 14. Rc1 f6 15. exf6 Bxf6 16. Ng5 Nxd4 17. Qh5+ Ke7 18. Kh1 Nf5 19. Bxf5 Rxc3 20. Rxc3 Bxc3 21. Qf7+ Kd8 22. Bxe6 Bxe6 23. Nxe6+ Kc8 24. Rc1 Qc6 25. Nc5 Bb2 26. Rc2 Bf6 27. a4 b6 28. b5 axb5 29. axb5 Qc7 30. Qe6+ Kd8 31. Qxd5+ Ke8 32. Qe6+ Be7 33. Ra2 Qd8 34. Qc6+ Kf7 35. Rf2+ Bf6 36. Qe6+ Kg6 37. Nd7 Re8 38. Ne5+ Kh6 39. Nf7+ Kg6 40. Nxd8 Rxe6 41. Nxe6 Kf7 42. Nf4 Ke7 43. Nd5+ 1-0

[Event "EYCC Girls U10 2021"]
[Site "Tornelo"]
[Date "2021.10.15"]
[Round "2.2"]
[White "Ejsymont, Blanka"]
[Black "Beber, Anja"]
[Result "0-1"]
[ECO "A05"]
[WhiteElo "1231"]
[BlackElo "1552"]
[Annotator "NA"]
[PlyCount "100"]
[EventDate "2021.10.15"]
[EventType "swiss"]
[EventCountry "NET"]
[SourceTitle "playchess.com"]
[Source "ChessBase"]
[SourceQuality "1"]
[TimeControl "5400+30"]

1. Nf3 Nf6 2. b3 e6 3. Bb2 Be7 4. e3 b6 5. Be2 Bb7 6. d4 d6 7. c4 Nbd7 8. Nbd2 c5 9. O-O O-O 10. Rc1 Rc8 11. Qc2 Qc7 12. Rfd1 Rfd8 13. a3 Qb8 14. Qb1 h6 15. Bd3 Bf8 16. Ne4 Qa8 17. Ned2 Re8 18. h3 e5 19. d5 Qb8 20. Ne4 Qc7 21. Ng3 Qd8 22. Bf5 g6 23. Bxd7 Nxd7 24. Ne4 f5 25. Ng3 Bg7 26. e4 f4 27. Ne2 h5 28. Qa1 Qe7 29. Nh2 Bh6 30. f3 Rc7 31. Rc2 Bc8 32. Nc3 Nf6 33. Rf1 g5 34. Qd1 a6 35. a4 Qg7 36. Qe2 g4 37. hxg4 hxg4 38. fxg4 Nxg4 39. Nxg4 Bxg4 40. Qf2 f3 41. g3 Rf7 42. Qe1 Bh3 43. Rff2 Kh7 44. Rh2 Qg4 45. Bc1 Rg8 46. Bxh6 Kxh6 47. Rxh3+ Qxh3 48. Rh2 f2+ 49. Qxf2 Rxg3+ 50. Qxg3 Rf1# 0-1

[Event "EYCC Girls U10 2021"]
[Site "Tornelo"]
[Date "2021.10.15"]
[Round "2.3"]
[White "Asachenko, Ksenia"]
[Black "Zeybek, Kayla Nil"]
[Result "1-0"]
[ECO "C06"]
[WhiteElo "1382"]
[BlackElo "1221"]
[Annotator "NA"]
[PlyCount "63"]
[EventDate "2021.10.15"]
[EventType "swiss"]
[EventCountry "NET"]
[SourceTitle "playchess.com"]
[Source "ChessBase"]
[SourceQuality "1"]
[TimeControl "5400+30"]

1. e4 e6 2. d4 d5 3. Nd2 Nf6 4. e5 Nfd7 5. Bd3 c5 6. c3 Nc6 7. Ngf3 Qb6 8. O-O cxd4 9. cxd4 Nxd4 10. Nxd4 Qxd4 11. Nf3 Qb6 12. Be3 Qd8 13. Qa4 Be7 14. Qg4 g6 15. Bh6 f5 16. exf6 Nxf6 17. Bxg6+ hxg6 18. Qxg6+ Kd7 19. Ne5+ Kc7 20. Qc2+ Kb6 21. Nf7 Qe8 22. Be3+ Kb5 23. a4+ Ka5 24. Bd2+ Kb6 25. Be3+ Ka5 26. Nxh8 Qxh8 27. Qc7+ b6 28. Qxe7 Ng4 29. b4+ Ka6 30. b5+ Ka5 31. Bd2+ Qc3 32. Bxc3# 1-0

[Event "EYCC Girls U10 2021"]
[Site "Tornelo"]
[Date "2021.10.15"]
[Round "2.4"]
[White "Huseynova, Dinara"]
[Black "Lajdamik, Kinga"]
[Result "0-1"]
[ECO "B13"]
[WhiteElo "1210"]
[BlackElo "1367"]
[Annotator "NA"]
[PlyCount "90"]
[EventDate "2021.10.15"]
[EventType "swiss"]
[EventCountry "NET"]
[SourceTitle "playchess.com"]
[Source "ChessBase"]
[SourceQuality "1"]
[TimeControl "5400+30"]

1. e4 c6 2. d4 d5 3. exd5 cxd5 4. Bd3 Nc6 5. c3 Qc7 6. h3 Bd7 7. Nf3 Nf6 8. O-O e6 9. Bg5 Be7 10. Qc2 h6 11. Bh4 Rc8 12. Bg3 Bd6 13. Bxd6 Qxd6 14. Bb5 a6 15. Bxc6 Bxc6 16. Ne5 Bb5 17. Re1 O-O 18. Na3 Be8 19. f4 b5 20. Qd2 Ne4 21. Qd3 f6 22. Ng4 Qxf4 23. Rf1 Qd6 24. Nc2 b4 25. c4 Rxc4 26. Nge3 Rc7 27. Qb3 Nd2 28. Qxb4 Qxb4 29. Nxb4 Nxf1 30. Rxf1 Bb5 31. Re1 a5 32. Nbc2 Rfc8 33. Kh2 Rxc2 34. Nxc2 Rxc2 35. Rxe6 Bf1 36. Re8+ Kh7 37. Ra8 Rxg2+ 38. Kh1 Rxb2 39. Rxa5 Bxh3 40. a4 Ra2 41. Ra8 Bg2+ 42. Kg1 Be4 43. a5 h5 44. a6 h4 45. Rb8 h3 0-1

[Event "EYCC Girls U10 2021"]
[Site "Tornelo"]
[Date "2021.10.15"]
[Round "2.5"]
[White "Sokolova, Regina"]
[Black "Radu, Antonia"]
[Result "1-0"]
[ECO "B55"]
[WhiteElo "1364"]
[BlackElo "1204"]
[Annotator "NA"]
[PlyCount "121"]
[EventDate "2021.10.15"]
[EventType "swiss"]
[EventCountry "NET"]
[SourceTitle "playchess.com"]
[Source "ChessBase"]
[SourceQuality "1"]
[TimeControl "5400+30"]

1. e4 c5 2. Nf3 d6 3. d4 cxd4 4. Nxd4 Nf6 5. f3 a6 6. c4 g6 7. Nc3 Nc6 8. Be3 Bg7 9. Nb3 O-O 10. Be2 Bd7 11. O-O Rb8 12. Qd2 Ne5 13. Bd4 Nc6 14. Bf2 Ne5 15. Nd4 Bc6 16. Rfd1 Qc7 17. Rac1 Rfc8 18. Nd5 Bxd5 19. cxd5 Qd7 20. b3 b5 21. Bg3 Qa7 22. Kh1 Rxc1 23. Qxc1 Re8 24. Bxe5 dxe5 25. Nc6 Qc7 26. Qa3 Qb7 27. Nxe5 h5 28. Nc6 Nd7 29. Nxe7+ Kh8 30. Nc6 Ne5 31. Nxe5 Bxe5 32. Qc1 Rc8 33. Qh6+ Kg8 34. Qd2 Kg7 35. f4 Bc3 36. Qd3 f6 37. Qg3 Kh6 38. e5 fxe5 39. fxe5 Qe7 40. e6 Bf6 41. Bd3 g5 42. Qf3 Qg7 43. d6 Rc3 44. Qe4 Bd8 45. e7 Bxe7 46. dxe7 Rxd3 47. Qxd3 Qxe7 48. Qd6+ Qxd6 49. Rxd6+ Kg7 50. Rxa6 g4 51. Rb6 h4 52. Rxb5 Kg6 53. a4 g3 54. hxg3 hxg3 55. a5 Kf6 56. a6 Ke6 57. a7 Kd6 58. a8=Q Kc7 59. Qa6 Kd7 60. Rb7+ Kc8 61. Qa8# 1-0

[Event "EYCC Girls U10 2021"]
[Site "Tornelo"]
[Date "2021.10.15"]
[Round "2.6"]
[White "Valiyeva, Asnad"]
[Black "Sunea, Sara Maria"]
[Result "1/2-1/2"]
[ECO "A45"]
[WhiteElo "1173"]
[BlackElo "1342"]
[Annotator "NA"]
[PlyCount "84"]
[EventDate "2021.10.15"]
[EventType "swiss"]
[EventCountry "NET"]
[SourceTitle "playchess.com"]
[Source "ChessBase"]
[SourceQuality "1"]
[TimeControl "5400+30"]

1. d4 Nf6 2. Bf4 c5 3. e3 Nd5 4. Bxb8 Rxb8 5. c3 e6 6. Nd2 b6 7. Ngf3 Bb7 8. Be2 Be7 9. O-O O-O 10. h3 Qc7 11. Rc1 Rbc8 12. a3 Nf6 13. Bd3 Qc6 14. Re1 Qc7 15. Qc2 cxd4 16. exd4 Qf4 17. Ne4 Nxe4 18. Bxe4 Bxe4 19. Rxe4 Qf5 20. Qe2 d5 21. Re3 Bg5 22. Nxg5 Qxg5 23. Re1 Kh8 24. Rg3 Qh4 25. Qf3 Rce8 26. Re3 a6 27. Qe2 b5 28. Re5 h6 29. Rge3 Rd8 30. Kh2 Qf4+ 31. g3 Qf6 32. f4 Kg8 33. f5 exf5 34. Qf3 f4 35. gxf4 Qc6 36. Re2 Rd6 37. Rg2 Rfd8 38. Rge2 Rg6 39. R2e3 Qc4 40. Re2 Qc6 41. Rf5 Rf6 42. Rfe5 Rg6 1/2-1/2

[Event "EYCC Girls U10 2021"]
[Site "Tornelo"]
[Date "2021.10.15"]
[Round "2.7"]
[White "Siskou, Evangelia"]
[Black "Miroshnik, Irina"]
[Result "0-1"]
[ECO "B27"]
[WhiteElo "1341"]
[BlackElo "1147"]
[Annotator "NA"]
[PlyCount "148"]
[EventDate "2021.10.15"]
[EventType "swiss"]
[EventCountry "NET"]
[SourceTitle "playchess.com"]
[Source "ChessBase"]
[SourceQuality "1"]
[TimeControl "5400+30"]

1. e4 c5 2. Nf3 g6 3. d4 cxd4 4. Qxd4 Nf6 5. Nc3 Nc6 6. Qa4 d6 7. e5 Ng4 8. exd6 Qxd6 9. Bf4 Qb4 10. Bb5 Qxa4 11. Bxa4 a6 12. Nd5 Ra7 13. Bb8 b5 14. Bxa7 Nxa7 15. Bb3 Bb7 16. Rd1 Bxd5 17. Bxd5 e6 18. Bb7 Bc5 19. Rf1 O-O 20. h3 Nf6 21. Bxa6 Rb8 22. a4 bxa4 23. Rb1 a3 24. Ke2 axb2 25. Ne5 Bd4 26. f4 Ne4 27. Kd3 Bxe5 28. Kxe4 Bg7 29. Kd3 Nc6 30. c3 Rb6 31. Bc4 Na5 32. Rf2 Rd6+ 33. Kc2 Nxc4 34. Re1 Rb6 35. Kd3 Na3 36. c4 b1=Q+ 37. Rxb1 Nxb1 38. c5 Rb8 39. c6 Na3 40. Ra2 Bf8 41. Kd4 Rc8 42. Re2 Rxc6 43. g4 Nc2+ 44. Ke4 Bg7 45. h4 Nd4 46. Ra2 f5+ 47. gxf5 Nxf5 48. Ra8+ Kf7 49. Ra7+ Kf6 50. Ra3 Rc4+ 51. Kf3 Nxh4+ 52. Kg4 Nf5 53. Kf3 h5 54. Rd3 h4 55. Kg4 h3 56. Rxh3 e5 57. Rf3 Rxf4+ 58. Rxf4 exf4 59. Kxf4 g5+ 60. Kg4 Ne3+ 61. Kf3 Nc2 62. Kg4 Kg6 63. Kg3 Kf5 64. Kf3 g4+ 65. Kg3 Be5+ 66. Kg2 Kf4 67. Kf2 g3+ 68. Kg2 Ne3+ 69. Kg1 Kf3 70. Kh1 g2+ 71. Kg1 Bh2+ 72. Kxh2 Kf2 73. Kh3 g1=Q 74. Kh4 Qg4# 0-1

[Event "EYCC Girls U10 2021"]
[Site "Tornelo"]
[Date "2021.10.15"]
[Round "2.8"]
[White "Igreja, Mariana"]
[Black "Bubnova, Uliana"]
[Result "0-1"]
[ECO "B35"]
[WhiteElo "1145"]
[BlackElo "1333"]
[Annotator "NA"]
[PlyCount "56"]
[EventDate "2021.10.15"]
[EventType "swiss"]
[EventCountry "NET"]
[SourceTitle "playchess.com"]
[Source "ChessBase"]
[SourceQuality "1"]
[TimeControl "5400+30"]

1. e4 c5 2. Nf3 Nc6 3. d4 cxd4 4. Nxd4 g6 5. Bc4 Bg7 6. Be3 Nf6 7. Nc3 Qa5 8. O-O O-O 9. Qd2 Ng4 10. Rad1 Nxd4 11. Bxd4 Qc7 12. g3 Qxc4 13. b3 Qc6 14. Nd5 Qd6 15. Qg5 Nf6 16. Rfe1 Nxd5 17. exd5 Re8 18. Re4 f6 19. Qe3 b6 20. Rh4 Qxd5 21. Re1 Bb7 22. Re4 Qxe4 23. Qxe4 Bxe4 24. Rxe4 f5 25. Rh4 Bxd4 26. Rxd4 d6 27. c4 Kf7 28. Kg2 Rad8 0-1

[Event "EYCC Girls U10 2021"]
[Site "Tornelo"]
[Date "2021.10.15"]
[Round "2.9"]
[White "Stara, Zuzana"]
[Black "Kutateladze, Anastasia"]
[Result "0-1"]
[ECO "B43"]
[WhiteElo "1332"]
[BlackElo "1137"]
[Annotator "NA"]
[PlyCount "88"]
[EventDate "2021.10.15"]
[EventType "swiss"]
[EventCountry "NET"]
[SourceTitle "playchess.com"]
[Source "ChessBase"]
[SourceQuality "1"]
[TimeControl "5400+30"]

1. e4 c5 2. Nf3 e6 3. d4 cxd4 4. Nxd4 a6 5. Nc3 b5 6. a3 Bb7 7. Be3 Qc7 8. Bd3 Nf6 9. h3 Be7 10. Qd2 d6 11. b4 Nbd7 12. Nf3 Rc8 13. Ne2 Bxe4 14. Rc1 Bxf3 15. gxf3 Ne5 16. Nd4 Nd5 17. Rg1 Bf6 18. f4 Nf3+ 19. Nxf3 Bc3 20. Rxg7 Nxe3 21. fxe3 Bxd2+ 22. Nxd2 Qc3 23. Rg1 Qxa3 24. Ke2 Qxb4 25. Ne4 Ke7 26. Rg7 Rcg8 27. Rcg1 Rxg7 28. Rxg7 Qb2 29. Rg1 a5 30. Rg5 d5 31. Nd2 a4 32. e4 a3 33. exd5 a2 34. d6+ Kxd6 35. Nb3 Qxb3 36. cxb3 a1=Q 37. Rxb5 Qb2+ 38. Ke3 Qc1+ 39. Ke4 f5+ 40. Kd4 Qg1+ 41. Kc4 Rc8+ 42. Kb4 Qd4+ 43. Ka3 Ra8+ 44. Ra5 Rxa5# 0-1